 Dungeon Crawl Stone Soup version 0.16.1-18-g436b03c (webtiles) character file.

174529 tesudzi the Devastator (level 17, -1/126 (127) HPs)
             Began as a High Elf Conjurer on Apr 23, 2015.
             Was the Champion of Cheibriados.
             Slain by the 27-headed Lernaean hydra (12 damage)
             ... on level 5 of the Swamp on Apr 27, 2015.
             The game lasted 05:16:37 (48117 turns).

tesudzi the Devastator (High Elf Conjurer)         Turns: 48117, Time: 05:16:38

HP:   -1/126 (127)  AC: 21    Str: 24    XL:     17   Next: 45%
MP:   22/47         EV: 40    Int: 43    God:    Cheibriados [******]
Gold: 1728          SH: 12    Dex: 47    Spells: 11 memorised, 6 levels left

rFire  . . .     SeeInvis +     a - +2 hand axe of Duty {elec, rF+ rC+ Str+2}
rCold  + + +     Clarity  +     D - +3 leather armour {rC+}
rNeg   . . .     SustAb   +     A - +2 buckler {rC+}
rPois  +         Gourm    .     i - +3 crown of Dyrovepreva {rElec Int+2 SInv}
rElec  +         Spirit   .     H - +2 cloak {rPois}
rCorr  .         Warding  .     p - +2 pair of gloves of Oshicuqo {rElec rF- SInv}
rMut   .         Stasis   .     k - +2 pair of boots
MR     ++...                    P - amulet of clarity
Stlth  ++++++....               m - ring "Breile" {SustAb MP+9 Int+6}
                                o - ring "Viurphewi" {+Inv rElec rPois AC+2 Int-4 Dex+10}

@: agile, very slow, very resistant to hostile enchantments, very stealthy
A: repulsion field 1, clumsy 1, magic resistance 1
a: Bend Time, Temporal Distortion, Slouch, Step From Time, Renounce Religion,
Evoke Invisibility


You were on level 5 of the Swamp.
You worshipped Cheibriados.
Cheibriados was exalted by your worship.
You were hungry.

You visited 5 branches of the dungeon, and saw 34 of its levels.
You also visited: Sewer and Ice Cave.

You collected 3301 gold pieces.
You spent 1573 gold pieces at shops.

Inventory:

Hand weapons
 a - the +2 hand axe of Duty (weapon) {elec, rF+ rC+ Str+2}
   (You found it on level 5 of the Dungeon)

   Occasionally, upon striking a foe, it will discharge some electrical energy
   and cause terrible harm.
   It affects your strength (+2).
   It protects you from fire.
   It protects you from cold.
 v - the +7 spear of Chaos {vamp, MP+9 Str-3 SInv}
   (You found it on level 1 of the Elven Halls)

   It inflicts no extra harm, but heals its wielder somewhat when it strikes a
   living foe.
   It affects your strength (-3).
   It affects your magic capacity (+9).
   It enhances your eyesight.
Armour
 i - the +3 crown of Dyrovepreva (worn) {rElec Int+2 SInv}
   (You bought it in a shop on level 4 of the Orcish Mines)

   It affects your intelligence (+2).
   It insulates you from electricity.
   It enhances your eyesight.
 k - a +2 pair of boots (worn)
 p - the +2 pair of gloves of Oshicuqo (worn) {rElec rF- SInv}
   (You bought it in a shop on level 1 of the Elven Halls)

   It makes you vulnerable to fire.
   It insulates you from electricity.
   It enhances your eyesight.
 t - a +2 robe of magic resistance
 A - a +2 buckler of cold resistance (worn)
 B - a +3 buckler
 D - a +3 leather armour of cold resistance (worn)
 F - a +2 robe of fire resistance
 H - a +2 cloak of poison resistance (worn)
Jewellery
 b - an uncursed ring of protection from fire
 c - the amulet "Teih" {Inacc Str+7 Int+2 Dex-2}
   (You found it on level 9 of the Dungeon)

   [amulet of inaccuracy]

   It reduces the accuracy of all your attacks.
   It affects your strength (+7).
   It affects your intelligence (+2).
   It affects your dexterity (-2).
 g - an uncursed ring of protection from magic
 j - a +5 ring of strength
 m - the ring "Breile" (right hand) {SustAb MP+9 Int+6}
   (You found it on level 8 of the Lair of Beasts)

   [ring of sustain abilities]

   It sustains your strength, intelligence and dexterity.
   It affects your intelligence (+6).
   It affects your magic capacity (+9).
 o - the ring "Viurphewi" (left hand) {+Inv rElec rPois AC+2 Int-4 Dex+10}
   (You found it on level 10 of the Dungeon)

   [ring of protection]

   It affects your AC (+2).
   It affects your intelligence (-4).
   It affects your dexterity (+10).
   It insulates you from electricity.
   It protects you from poison.
   It lets you turn invisible.
 I - an uncursed ring of protection from cold
 P - an amulet of clarity (around neck)
 S - an uncursed ring of protection from magic
 U - an uncursed ring of magical power
Magical devices
 N - a wand of digging (15)
 Q - a wand of teleportation (2)
 R - a wand of digging (17)
Scrolls
 e - 8 scrolls of remove curse
 f - 5 scrolls of identify
 n - 3 scrolls of recharging
 u - 5 scrolls of enchant weapon
 y - 4 scrolls of teleportation
 C - 2 scrolls of fog
 E - a scroll of holy word
 G - 5 scrolls of magic mapping
 Z - a scroll of vulnerability
Potions
 d - 3 potions of curing
 h - 4 potions of restore abilities
 r - 5 potions of cancellation
 w - 2 potions of agility
 V - a potion of brilliance
 X - a potion of resistance
Comestibles
 s - a slice of pizza
 z - 12 bread rations
 J - 2 royal jellies
 K - 7 fruits
 T - 6 meat rations


   Skills:
 - Level 15.0 Fighting
 - Level 7.4 Axes
 - Level 2.0 Throwing
 - Level 5.7 Armour
 + Level 13.9 Dodging
 - Level 5.5 Stealth
 - Level 5.1 Shields
 - Level 13.0 Spellcasting
 + Level 16.2 Conjurations
 - Level 7.6 Charms
 - Level 5.1 Air Magic
 - Level 9.0 Invocations


You had 6 spell levels left.
You knew the following spells:

 Your Spells              Type           Power        Failure   Level  Hunger
a - Magic Dart            Conj           ####         0%          1    None
b - Searing Ray           Conj           ######       0%          2    None
c - Iskenderun's Mystic   Conj           ########     0%          4    None
d - Iskenderun's Battles  Conj/Chrm      #######.     1%          5    None
e - Blink                 Tloc           N/A          1%          2    None
f - Repel Missiles        Chrm/Air       ######       1%          2    None
g - Mephitic Cloud        Conj/Pois/Air  ######..     1%          3    None
h - Orb of Destruction    Conj           ########..   1%          7    ####...
i - Regeneration          Chrm/Necr      ######....   1%          3    None
j - Dazzling Spray        Conj/Hex       #######.     1%          3    None
k - Airstrike             Air            ######....   1%          4    None


Dungeon Overview and Level Annotations

Branches:
Dungeon (15/15)            Temple (0/1) D:4            Lair (8/8) D:8
  Swamp (5/5) Lair:5       Spider (0/5) Lair:6        Slime (0/6) Lair:7
    Orc (4/4) D:10            Elf (2/3) Orc:4        Vaults (0/5) D:14
 Depths: D:15

Altars:
Ashenzari
Cheibriados
Dithmenos
Elyvilon
Fedhas
Gozag
Makhleb
Nemelex Xobeh
Qazlal
Sif Muna
Vehumet
Yredelemnul
Zin
The Shining One
Beogh

Shops:
D:2 *   D:9 :   D:10 [   Orc:4 [:?!   Elf:1 *

Portals:
Pandemonium: Orc:4
Trove: D:10 (give 13 potions of heal wounds)

Annotations:
D:2 Sigmund
Swamp:5 Lernaean hydra


Innate Abilities, Weirdness & Mutations

You are surrounded by a mild repulsion field (EV +2).
You are clumsy. (Dex -2)
You are resistant to hostile enchantments.


Message History

The 27-headed Lernaean hydra bites you.
The 27-headed Lernaean hydra misses you.
The 27-headed Lernaean hydra closely misses you.
You block the 27-headed Lernaean hydra's attack. x2
The 27-headed Lernaean hydra bites you but does no damage.
The 27-headed Lernaean hydra bites you!
* * * LOW HITPOINT WARNING * * *
The 27-headed Lernaean hydra bites you but does no damage. x3
The 27-headed Lernaean hydra barely misses you.
The 27-headed Lernaean hydra closely misses you.
The 27-headed Lernaean hydra bites you.
* * * LOW HITPOINT WARNING * * *
The 27-headed Lernaean hydra bites you!
* * * LOW HITPOINT WARNING * * *
You block the 27-headed Lernaean hydra's attack.
The 27-headed Lernaean hydra bites you.
* * * LOW HITPOINT WARNING * * *
The 27-headed Lernaean hydra bites you but does no damage.
The 27-headed Lernaean hydra bites you!
You die...

§[≈ ≈≈≈.≈.≈#
≈.≈≈≈≈#≈# ≈.≈§#≈§≈≈#
≈......≈≈##
#≈≈≈≈≈.≈≈# ≈≈≈≈≈≈≈#
#≈D≈≈# #≈@.§# #*.≈≈#
♣ #≈.≈##≈♣ ##.## .
♣≈ ##.÷#≈♣
♣.≈#...#.♣
♣.#.≈..♣♣♣♣ ♣♣♣♣♣
♣..≈.♣♣♣≈♣♣#♣.♣.♣♣♣♣
♣♣≈).♣♣♣.≈....≈.≈.♣.


You could see the 27-headed Lernaean hydra.

Vanquished Creatures
  Norris (Swamp:4)
  A tentacled monstrosity (Swamp:5)
  Frances (Swamp:4)
  Azrael (Elf:1)
  A white draconian (IceCv)
  4 vault guards (D:14)
  A deep elf death mage (Elf:1)
  Josephine (Elf:1)
  Fannar (Lair:1)
  Harold (Lair:3)
  21 hydras
  Erica (Lair:2)
  A catoblepas (Lair:5)
  A ghost crab (Swamp:3)
  6 centaur warriors
  9 alligators
  A death yak (IceCv)
  7 orc high priests (Orc:4)
  A tengu warrior (D:14)
  9 spriggans
  A soul eater (Orc:4)
  4 unseen horrors
  A sun demon (Orc:4)
  6 deep elf knights
  An infernal demonspawn (Orc:4)
  A gelid demonspawn (Orc:4)
  3 spriggan druids
  10 swamp dragons
  2 deep elf summoners (Elf:1)
  A necromancer (Elf:1)
  8 hill giants
  Pikel (D:6)
  A shambling mangrove (Swamp:4)
  A putrid demonspawn (Orc:4)
  A hornet (Swamp:4)
  A wolf spider (Lair:6)
  8 deep elf conjurers
  5 orc knights
  8 ugly things
  7 orc sorcerers (Orc:4)
  3 manticores
  A faun (shapeshifter) (Elf:1)
  A griffon (D:13)
  6 cyclopes
  5 black mambas
  Maurice (D:12)
  Joseph (D:7)
  2 rust devils (Swamp:4)
  26 spiny frogs
  4 gargoyles
  A fire drake (Lair:7)
  2 efreet
  3 komodo dragons
  2 large abominations (Elf:1)
  6 trolls
  A wandering mushroom (Lair:7)
  2 deep elf priests (Elf:1)
  A kobold demonologist (D:11)
  2 freezing wraiths
  15 polar bears
  A red devil (Orc:4)
  Prince Ribbit (D:7)
  10 baby alligators (Swamp:4)
  5 two-headed ogres
  2 ravens (D:14)
  A small abomination (Elf:1)
  A boulder beetle (Lair:7)
  5 bog bodies
  11 giant leeches
  A hornet zombie (D:14)
  22 blink frogs
  22 slime creatures
  58 yaks
  18 deep elf magi
  A hippogriff (shapeshifter) (D:13)
  5 wyverns
  3 basilisks
  A mottled dragon (D:12)
  9 wraiths
  Eustachio (D:8)
  4 shadows
  A vampire (D:14)
  A human (D:3)
  Grum (D:12)
  21 vampire mosquitoes
  A steam dragon (D:10)
  An orc skeleton (Orc:4)
  3 neqoxecs (Orc:4)
  2 hungry ghosts
  A putrid demonspawn zombie (Orc:4)
  9 hippogriffs
  6 insubstantial wisps (Swamp:4)
  33 wolves
  20 deep elf fighters
  A chaos spawn (Orc:4)
  26 swamp worms
  2 hell hounds (Elf:1)
  4 wargs
  15 water moccasins
  42 orc warriors
  12 porcupines
  13 wasps
  2 orc zombies (Orc:4)
  12 swamp drakes
  2 necrophages
  5 sky beasts
  16 ogres
  3 black bears
  6 ice beasts
  3 eyes of draining
  2 boggarts
  2 phantoms
  23 centaurs
  18 crocodiles
  A brain worm (D:11)
  A big kobold (D:12)
  Blork the orc (D:5)
  An elf zombie (Elf:1)
  36 giant frogs
  A wyvern skeleton (D:11)
  5 scorpions
  3 goliath beetles
  15 killer bees
  17 wights
  11 electric eels
  2 quasits
  10 crimson imps
  2 centaur zombies
  12 hounds
  39 orc priests
  Crazy Yiuf (D:6)
  5 centaur skeletons
  3 gnoll shamans
  7 jellies
  14 worker ants
  2 giant frog skeletons
  A human skeleton (D:3)
  12 iguanas
  37 orc wizards
  16 sheep
  A sky beast zombie (D:9)
  A centaur simulacrum (D:8)
  A hound zombie (D:8)
  6 hound skeletons
  4 mummies
  3 worker ant zombies
  70 river rats
  19 gnolls
  21 adders
  2 shadow imps
  17 giant mites
  5 white imps (D:8)
  A worm (D:2)
  5 ufetubi
  An adder skeleton (D:8)
  An adder zombie (D:6)
  An adder simulacrum (D:8)
  17 giant geckos
  11 oozes
  198 orcs
  15 bats
  16 giant cockroaches
  16 hobgoblins
  7 jackals
  16 kobolds
  10 quokkas
  10 ball pythons
  A ball python skeleton (D:4)
  A bat simulacrum (D:8)
  A giant gecko zombie (D:7)
  15 giant newts
  2 giant spores
  19 goblins
  A jackal simulacrum (D:8)
  A kobold skeleton (D:3)
  A quokka simulacrum (D:8)
  A quokka skeleton (D:5)
  2 quokka zombies
  10 rats
  4 ballistomycetes
  A crawling corpse (Elf:1)
  6 fungi
  4 plants
1517 creatures vanquished.

Vanquished Creatures (collateral kills)
  A killer bee (D:14)
1 creature vanquished.

Vanquished Creatures (others)
  2 deep elf knights (Elf:1)
  A deep elf summoner (Elf:1)
  A deep elf conjurer (Elf:1)
  6 polar bears (IceCv)
  A deep elf mage (D:12)
  2 fire elementals (Elf:1)
  2 yaks (IceCv)
  2 wolves (IceCv)
  3 hell hounds (Elf:1)
  2 lost souls (Elf:1)
  A jelly (D:6)
  An ooze (D:3)
  An orc (D:3)
  2 bats (D:3)
  A kobold (D:3)
  A quokka (D:3)
  A ball python (D:6)
  2 giant spores (D:10)
  A rat (D:6)
  5 fungi
  4 plants
42 creatures vanquished.

Grand Total: 1560 creatures vanquished

Notes
Turn   | Place    | Note
--------------------------------------------------------------
     0 | D:1      | tesudzi, the High Elf Conjurer, began the quest for the Orb.
     0 | D:1      | Reached XP level 1. HP: 11/11 MP: 4/4
   663 | D:2      | Found an opulent altar of Gozag.
   667 | D:2      | Found Gozag's Platinum Reserve.
   691 | D:2      | Reached XP level 2. HP: 17/17 MP: 4/6
   705 | D:2      | Learned a level 2 spell: Searing Ray
   797 | D:2      | Noticed Sigmund
   921 | D:2      | Reached skill level 5 in Conjurations
  1188 | D:2      | Found a snail-covered altar of Cheibriados.
  1304 | D:2      | Became a worshipper of Cheibriados the Contemplative
  1388 | D:2      | Reached XP level 3. HP: 16/21 MP: 2/8
  1437 | D:2      | Found an opulent altar of Gozag.
  1437 | D:2      | Found a shattered altar of Ashenzari.
  1855 | D:3      | Acquired Cheibriados' first power
  1857 | D:3      | Found a runed door.
  1864 | D:3      | Noticed a human
  1872 | D:3      | Reached XP level 4. HP: 23/27 MP: 2/12
  1959 | D:3      | Found a basalt altar of Yredelemnul.
  2096 | D:3      | Learned a level 4 spell: Iskenderun's Mystic Blast
  2140 | D:3      | Reached skill level 6 in Conjurations
  2213 | D:3      | Killed a human
  2213 | D:3      | Reached XP level 5. HP: 29/31 MP: 8/16
  2534 | D:3      | Reached XP level 6. HP: 23/36 MP: 1/19
  2806 | D:3      | Reached skill level 5 in Spellcasting
  2806 | D:3      | Reached skill level 7 in Conjurations
  3031 | D:3      | Learned a level 5 spell: Iskenderun's Battlesphere
  3125 | D:4      | Found a staircase to the Ecumenical Temple.
  3222 | D:4      | Reached skill level 1 in Charms
  3411 | D:4      | Found a glowing drain.
  3438 | Sewer    | Entered a sewer
  3556 | Sewer    | Acquired Cheibriados' second power
  3644 | Sewer    | Reached XP level 7. HP: 23/41 MP: 0/21
  3957 | Sewer    | Acquired Cheibriados' third power
  4719 | Sewer    | Acquired Cheibriados' fourth power
  4730 | Sewer    | Reached skill level 8 in Conjurations
  5412 | D:4      | Reached XP level 8. HP: 46/46 MP: 18/24
  5724 | D:4      | Found a shadowy altar of Dithmenos.
  5817 | D:5      | Entered Level 5 of the Dungeon
  5967 | D:5      | Reached skill level 9 in Conjurations
  5979 | D:5      | Gained mutation: You are resistant to hostile enchantments. [potion of mutation]
  5979 | D:5      | Gained mutation: You are clumsy. (Dex -2) [potion of mutation]
  5979 | D:5      | Gained mutation: You are surrounded by a mild repulsion field (EV +2). [potion of mutation]
  6663 | D:5      | Reached skill level 5 in Charms
  6935 | D:5      | Noticed Blork the orc
  6941 | D:5      | Killed Blork the orc
  7200 | D:5      | Found a deep blue altar of Sif Muna.
  7316 | D:5      | Got a slimy hand axe
  7317 | D:5      | Identified the +2 hand axe of Duty {elec, rF+ rC+ Str+2} (You found it on level 5 of the Dungeon)
  7348 | D:6      | Reached skill level 1 in Fighting
  7349 | D:6      | Reached skill level 1 in Axes
  7403 | D:6      | Noticed Crazy Yiuf
  7410 | D:6      | Killed Crazy Yiuf
  7568 | D:6      | Noticed Pikel
  7579 | D:6      | Killed Pikel
  7579 | D:6      | Reached XP level 9. HP: 20/57 MP: 6/25
  7896 | D:6      | Found a sparkling altar of Nemelex Xobeh.
  8100 | D:6      | Reached skill level 10 in Conjurations
  8481 | D:7      | Noticed Prince Ribbit
  8497 | D:7      | Killed Prince Ribbit
  8499 | D:7      | Reached skill level 5 in Dodging
  9039 | D:7      | Found a white marble altar of Elyvilon.
  9039 | D:7      | Found a glowing silver altar of Zin.
  9042 | D:7      | Found a glowing golden altar of the Shining One.
  9143 | D:7      | Found a stormy altar of Qazlal.
  9226 | D:7      | Noticed Joseph
  9233 | D:7      | Killed Joseph
  9233 | D:7      | Reached skill level 5 in Fighting
  9233 | D:7      | Reached skill level 1 in Throwing
  9233 | D:7      | Reached XP level 10. HP: 37/66 MP: 4/28
  9593 | D:8      | Noticed Eustachio
  9595 | D:8      | Killed Eustachio
  9942 | D:8      | Found a staircase to the Lair.
  9946 | Lair:1   | Entered Level 1 of the Lair of Beasts
 10163 | Lair:1   | Noticed Fannar
 10192 | Lair:1   | Found a frozen archway.
 10202 | IceCv    | Entered an ice cave
 10490 | IceCv    | Learned a level 2 spell: Blink
 10493 | IceCv    | Learned a level 2 spell: Repel Missiles
 10497 | IceCv    | Learned a level 3 spell: Mephitic Cloud
 10817 | IceCv    | Reached skill level 1 in Air Magic
 10852 | IceCv    | Reached XP level 11. HP: 58/77 MP: 16/28
 11196 | IceCv    | Reached skill level 10 in Dodging
 11499 | IceCv    | Noticed a white draconian
 11499 | IceCv    | Noticed a death yak
 11526 | IceCv    | Killed a death yak
 11974 | IceCv    | Killed a white draconian
 11974 | IceCv    | Reached skill level 11 in Conjurations
 12401 | Lair:1   | Noticed a five-headed hydra
 12405 | Lair:1   | Killed a five-headed hydra
 12557 | Lair:1   | Killed Fannar
 13130 | Lair:2   | Noticed a seven-headed hydra
 13140 | Lair:2   | Killed an eight-headed hydra
 13140 | Lair:2   | Reached skill level 12 in Conjurations
 13140 | Lair:2   | Reached XP level 12. HP: 25/84 MP: 10/31
 13686 | Lair:2   | Noticed Erica
 13693 | Lair:2   | Killed Erica
 14053 | Lair:2   | Reached skill level 1 in Invocations
 15106 | Lair:3   | Noticed Harold
 15118 | Lair:3   | Killed Harold
 15422 | Lair:3   | Reached skill level 10 in Fighting
 15778 | Lair:4   | Reached skill level 5 in Invocations
 15983 | Lair:4   | Learned a level 7 spell: Orb of Destruction
 16504 | Lair:4   | Reached skill level 10 in Spellcasting
 16699 | Lair:5   | Found a staircase to the Swamp.
 16855 | Lair:5   | Reached skill level 1 in Armour
 16855 | Lair:5   | Reached skill level 13 in Conjurations
 17201 | Lair:5   | Noticed a catoblepas
 17216 | Lair:5   | Killed a catoblepas
 17216 | Lair:5   | Reached XP level 13. HP: 69/92 MP: 4/33
 18414 | Lair:6   | Found a hole to the Spider Nest.
 18614 | Lair:7   | Reached skill level 5 in Armour
 19055 | Lair:7   | Found a staircase to the Slime Pits.
 20642 | D:8      | Found a radiant altar of Vehumet.
 20942 | D:9      | Got a sparkling iron amulet
 20944 | D:9      | Identified the amulet "Teih" {Inacc Str+7 Int+2 Dex-2} (You found it on level 9 of the Dungeon)
 20956 | D:9      | Found Mujel's Book Shop.
 21072 | D:9      | Found a blossoming altar of Fedhas.
 22133 | D:10     | Entered Level 10 of the Dungeon
 22341 | D:10     | Found a staircase to the Orcish Mines.
 22394 | D:10     | Got a smoking brass ring
 22421 | D:10     | Identified the ring "Viurphewi" {+Inv rElec rPois AC+2 Int-4 Dex+10} (You found it on level 10 of the Dungeon)
 22976 | D:10     | Found Suwil's Antique Armour Shop.
 22977 | D:10     | Found a portal to a secret trove of treasure.
 23208 | Orc:1    | Entered Level 1 of the Orcish Mines
 23273 | Orc:1    | Reached skill level 14 in Conjurations
 24654 | Orc:2    | Found a burning altar of Makhleb.
 24808 | Orc:2    | Found a roughly hewn altar of Beogh.
 25042 | Orc:2    | Found a roughly hewn altar of Beogh.
 25932 | Orc:3    | You fall through a shaft!
 25932 | Orc:4    | Entered Level 4 of the Orcish Mines
 25989 | Orc:4    | Found a staircase to the Elven Halls.
 26970 | Orc:4    | Reached XP level 14. HP: 93/99 MP: 7/35
 27550 | Orc:4    | Found Umaug Huss' Magic Scroll Shop.
 27551 | Orc:4    | Found Schuak's Distillery.
 27561 | Orc:4    | Bought a scroll of teleportation for 39 gold pieces
 27563 | Orc:4    | Bought a potion of berserk rage for 75 gold pieces
 27563 | Orc:4    | Bought a potion of curing for 45 gold pieces
 27563 | Orc:4    | Bought a potion of curing for 45 gold pieces
 27563 | Orc:4    | Bought 2 potions of degeneration for 30 gold pieces
 27563 | Orc:4    | Bought a potion of heal wounds for 75 gold pieces
 29187 | Orc:4    | Found Ushuomih's Book Shoppe.
 29187 | Orc:4    | Found Prubaerch's Antique Armour Emporium.
 29188 | Orc:4    | Found a one-way gate leading to the halls of Pandemonium.
 29197 | Orc:4    | Bought the +3 crown of Dyrovepreva {rElec Int+2 SInv} for 952 gold pieces
 29197 | Orc:4    | Bought a runed buckler for 103 gold pieces
 29454 | Lair:1   | Learned a level 3 spell: Regeneration
 29458 | Lair:1   | Learned a level 3 spell: Dazzling Spray
 29839 | Lair:7   | Reached skill level 1 in Shields
 30375 | Lair:8   | Entered Level 8 of the Lair of Beasts
 31631 | Lair:8   | Got a shimmering ivory ring
 31650 | Lair:8   | Identified the ring "Breile" {SustAb MP+9 Int+6} (You found it on level 8 of the Lair of Beasts)
 32071 | Elf:1    | Entered Level 1 of the Elven Halls
 32475 | Elf:1    | Identified the Almanac of Evil Secrets
 32492 | Elf:1    | Found Ydeos' Assorted Antiques.
 32501 | Elf:1    | Bought a pair of jewelled gloves for 209 gold pieces
 32511 | Elf:1    | Identified the +2 pair of gloves of Oshicuqo {rElec rF- SInv} (You bought it in a shop on level 1 of the Elven Halls)
 32635 | Elf:1    | Reached skill level 5 in Shields
 32708 | Elf:1    | Noticed Azrael
 32973 | Elf:1    | Reached XP level 15. HP: 109/109 MP: 19/35
 33128 | Elf:1    | Got a pitted spear
 33129 | Elf:1    | Identified the +7 spear of Chaos {vamp, MP+9 Str-3 SInv} (You found it on level 1 of the Elven Halls)
 33261 | Elf:1    | Killed Azrael
 33563 | Elf:1    | Noticed Josephine
 33598 | Elf:1    | Killed Josephine
 34897 | D:11     | Reached skill level 15 in Conjurations
 35402 | D:11     | Learned a level 4 spell: Airstrike
 35425 | D:11     | Reached skill level 5 in Air Magic
 35635 | D:11     | Upgraded the game from 0.16.1-17-g773cdaf to 0.16.1-18-g436b03c
 36299 | D:11     | Reached skill level 5 in Stealth
 37790 | D:12     | Noticed Maurice
 37799 | D:12     | Killed Maurice
 38008 | D:12     | Noticed Grum
 38029 | D:12     | Killed Grum
 39819 | D:13     | Reached XP level 16. HP: 100/118 MP: 36/36
 40030 | D:14     | Reached skill level 5 in Axes
 40325 | D:14     | Found a gate to the Vaults.
 41276 | D:15     | Entered Level 15 of the Dungeon
 41807 | Swamp:1  | Entered Level 1 of the Swamp
 41878 | Swamp:1  | Identified a scroll of acquirement
 41882 | Swamp:1  | Got a fine helmet
 41893 | Swamp:1  | Identified the -4 helmet "Schyt" {rElec rPois rC+ rN+ Str-5} (You acquired it on level 1 of the Swamp)
 42878 | Swamp:3  | Reached skill level 15 in Fighting
 45300 | Swamp:4  | Noticed Frances
 45312 | Swamp:4  | Killed Frances
 46038 | Swamp:4  | Noticed Norris
 46070 | Swamp:4  | Paralysed by Norris for 5 turns
 46087 | Swamp:4  | Killed Norris
 46087 | Swamp:4  | Reached XP level 17. HP: 37/127 MP: 3/38
 46586 | Swamp:5  | Entered Level 5 of the Swamp
 46645 | Swamp:5  | Noticed a tentacled monstrosity
 46663 | Swamp:5  | Killed a tentacled monstrosity
 47741 | Swamp:5  | Reached skill level 16 in Conjurations
 47952 | Swamp:5  | Noticed the 27-headed Lernaean hydra
 48117 | Swamp:5  | Slain by the 27-headed Lernaean hydra

Action                   |  1- 3 |  4- 6 |  7- 9 | 10-12 | 13-15 | 16-18 || total
-------------------------+-------+-------+-------+-------+-------+-------++-------
Melee: Short sword       |     8 |       |       |       |       |       ||     8
       Unarmed           |     1 |       |       |       |       |       ||     1
       Falchion          |    27 |     9 |       |       |       |       ||    36
       Trident           |       |    28 |    83 |       |       |       ||   111
       Hand axe          |       |       |    50 |   356 |  1652 |  1012 ||  3070
 Fire: Blowgun           |       |    31 |    74 |     6 |       |       ||   111
 Cast: Magic Dart        |    46 |    91 |   229 |   188 |   454 |    65 ||  1073
       Searing Ray       |     2 |     5 |     8 |    10 |    13 |     2 ||    40
       Iskenderun's Myst |       |     2 |    25 |    85 |   247 |    82 ||   441
       Iskenderun's Batt |       |       |    15 |    31 |    57 |    20 ||   123
       Mephitic Cloud    |       |       |       |    30 |    53 |     7 ||    90
       Orb of Destructio |       |       |       |     1 |     3 |     2 ||     6
       Blink             |       |       |       |       |     9 |       ||     9
       Dazzling Spray    |       |       |       |       |    60 |   122 ||   182
       Regeneration      |       |       |       |       |    16 |     9 ||    25
       Airstrike         |       |       |       |       |     2 |     8 ||    10
Invok: Slouch            |       |       |     1 |     1 |     5 |       ||     7
Evoke: Wand              |       |       |       |     9 |     5 |       ||    14
  Use: Potion            |     1 |     2 |     8 |     6 |    11 |     6 ||    34
       Scroll            |       |    13 |     2 |    13 |    17 |    15 ||    60
 Stab: Sleeping          |     2 |     4 |    15 |     6 |    35 |     5 ||    67
       Distracted        |       |     1 |       |       |    10 |     3 ||    14
       Confused          |       |       |       |    23 |    31 |    11 ||    65
       Fleeing           |       |       |       |     2 |       |       ||     2
       Invisible         |       |       |       |       |    19 |    23 ||    42
  Eat: Chunk             |     3 |     4 |    14 |    12 |    42 |    17 ||    92
       Beef jerky        |       |       |       |     1 |       |       ||     1
       Fruit             |       |       |       |    11 |     2 |       ||    13
       Pizza             |       |       |       |       |     2 |     2 ||     4
       Meat ration       |       |       |       |       |     1 |       ||     1
